 Dungeon Crawl Stone Soup version 0.27-a0-1555-g0e7b3fb1d2 (webtiles) character file.

Game seed: 11005395150178450395

31 lunkers the Ruffian (level 3, -7/29 HPs)
             Began as a Ghoul Warper on July 14, 2021.
             Mangled by Sigmund (10 damage)
             ... on level 2 of the Dungeon.
             The game lasted 00:01:14 (771 turns).

lunkers the Ruffian (Ghoul Warper)                   Turns: 771, Time: 00:01:15

Health: -7/29      AC:  3    Str: 14    XL:     3   Next: 22%
Magic:  4/4        EV: 11    Int:  8    God:
Gold:   76         SH:  0    Dex:  9    Spells: 5/5 levels left

rFire    . . .     SeeInvis .     - Unarmed
rCold    + . .     Faith    .   (no shield)
rNeg     + + +     Spirit   .   a - +0 leather armour
rPois    ∞         Reflect  .   (no helmet)
rElec    .         Harm     .   (no cloak)
rCorr    .         Rampage  .   (no gloves)
Will     .....                  (no boots)
Stlth    +.........             (no amulet)
HPRegen  0.00/turn              (no ring)
MPRegen  0.09/turn              (no ring)

@: no status effects
A: claws 1, cold resistance 1, negative energy resistance 3, inhibited
regeneration, torment resistance 2
a: no special abilities


You were on level 2 of the Dungeon.
You visited 1 branch of the dungeon, and saw 2 of its levels.

You collected 76 gold pieces.

Inventory:

Missiles
 c - 5 boomerangs of dispersal
Armour
 a - a +0 leather armour (worn)
Scrolls
 b - a scroll of blinking
 d - a scroll of teleportation {unknown}
 e - a scroll of amnesia {unknown}
 f - a scroll of magic mapping {unknown}
 h - 2 scrolls of identify {unknown}


   Skills:
 - Level 2.1 Fighting
 - Level 0.8 Throwing
 - Level 0.8 Armour
 - Level 1.7 Dodging
 * Level 4.0 Unarmed Combat
 - Level 1.7 Spellcasting
 - Level 2.6 Translocations


You had 5 spell levels left.
You didn't know any spells.
Your spell library contained the following spells:

 Spells                   Type           Power      Damage    Failure   Level
 Blink                    Tloc           N/A        N/A       22%         2
 Gell's Gravitas          Tloc           2%         N/A       41%         3
 Lesser Beckoning         Tloc           2%         N/A       41%         3
 Teleport Other           Tloc           5%         N/A       41%         3
 Manifold Assault         Tloc           5%         N/A       99%         5


Dungeon Overview and Level Annotations

Branches:
Dungeon (2/15)

Altars:

Annotations:
D:2 Sigmund


Innate Abilities, Weirdness & Mutations

You thrive by killing the living.
You are immune to poison.
You have sharp fingernails.
Your flesh is cold resistant. (rC+)
You are immune to negative energy. (rN+++)
You do not regenerate when monsters are visible.
You are immune to unholy pain and torment.


Message History

No target in view!
No target in view!
No target in view!
No target in view!
No target in view!
No target in view!
No target in view!
No target in view!
No target in view!
No target in view!
No target in view!
HP restored.
Sigmund the Dreaded comes into view.
He is wielding a +0 scythe.
Found a stone staircase leading up.
Sigmund shouts!
You aren't carrying any items that you can evoke.
Unknown command.
Okay, then.
Sigmund flickers, as though insubstantial.
Sigmund mumbles some strange words.
Sigmund flickers and vanishes!
Deactivating autopickup; reactivate with Ctrl-A.
A hobgoblin comes into view.
The hobgoblin shouts!
You hear some strange, mumbled words.
A magic dart appears from out of thin air!
The magic dart hits you!
You miss something.
You hear some strange, mumbled words.
A puff of flame appears from out of thin air!
The puff of flame hits you!
* * * LOW HITPOINT WARNING * * *
You closely miss something. Something hits you but does no damage.
Unknown command.
You miss something. Something hits you!
* * * LOW HITPOINT WARNING * * *
It was a potion of berserk rage.
You feel slightly irritated. Something hits you but does no damage.
You closely miss something. You closely miss something. Something hits you!
You die...

#.#..# #.# #
#.##.## #.##.####
#.#.#.###........
#..###....#
###.#.##### #
###.####.....
#....†......#
#.#.####....#
#.#..@{g..<.# #
######..... ... .


You could see a hobgoblin.

Vanquished Creatures
  A dart slug (D:1)
  2 endoplasms
  2 giant cockroaches (D:1)
  5 hobgoblins (D:1)
  4 kobolds (D:1)
  5 ball pythons (D:1)
  3 bats
  A frilled lizard (D:1)
  3 rats (D:1)
26 creatures vanquished.

Notes
Turn   | Place    | Note
-------+----------+-------------------------------------------
     0 | D:1      | lunkers the Ghoul Warper began the quest for the Orb.
     0 | D:1      | Reached XP level 1. HP: 17/17 MP: 2/2
   199 | D:1      | Reached skill level 3 in Unarmed Combat
   199 | D:1      | Reached XP level 2. HP: 24/24 MP: 3/3
   305 | D:1      | Found a faded altar of an unknown god.
   635 | D:1      | Reached XP level 3. HP: 28/29 MP: 4/4
   711 | D:1      | You fall into a shaft and drop 1 floor!
   736 | D:2      | Reached skill level 4 in Unarmed Combat
   763 | D:2      | Noticed Sigmund
   771 | D:2      | Mangled by Sigmund

Illustrated notes

Levels and vault maps discovered:
D:1:      roderic_crossed_star, layout_loops_ring,
          shapermc_ecumenical_altar_notcrosses, serial_park_tiny_2, st_stairs_3
D:2:      layout_loops_ring, serial_bayou_pond_c,
          chequers_serial_rivers_micro_b, minmay_misc_feat_columns,
          nrook_mini_vaults, uniq_crazy_yiuf_cottage, uniq_jessica, uniq_sigmund

Skill      XL: |  1  2  3 |
---------------+----------+-----
Unarmed Combat | 3 4 |  4.0
Fighting       | |  2.1
Throwing       | |  0.8
Armour         | |  0.8
Dodging        | |  1.7
Spellcasting   | |  1.7
Translocations | |  2.6

Action                   || total
-------------------------++-------
Melee: Unarmed           ||    79
  Use: Potion            ||     1
Armor: Leather armour    ||    22
Dodge: Dodged            ||    41

Table legend: (Time is in decaauts)
 A = Elapsed time spent in this place.
 B = Non-inter-level travel time spent in this place.
 C = Inter-level travel time spent in this place.
 D = Time resting spent in this place.
 E = Time spent auto-exploring this place.
 F = Levels seen in this place.
 G = Mean time per level.
                   A        B        C        D        E       F      G
               +--------+--------+--------+--------+--------+-----+--------+
         Total |    766 |    766 |      0 |      0 |    610 |   2 |  383.0 |
       Dungeon |    766 |    766 |      0 |      0 |    610 |   2 |  383.0 |
               +--------+--------+--------+--------+--------+-----+--------+

Top non-repeatable levels by time:
     D:1: 707 daAuts
     D:2: 58 daAuts
